 Dungeon Crawl Stone Soup version 0.31-a0-182-gc5ef74bbde (webtiles) character file.

Game seed: 6840522739996659495

1042 tsouns the Grappler (level 8, -2/67 HPs)
             Began as a Troll Fire Elementalist on June 21, 2023.
             Was an Initiate of Yredelemnul.
             Slain by a vampire (8 damage)
             ... on level 6 of the Dungeon.
             The game lasted 00:08:59 (3797 turns).

tsouns the Grappler (Troll Fire Elementalist)       Turns: 3797, Time: 00:08:59

Health: -2/67      AC:  5    Str: 21 (23) XL:     8   Next: 4%
Magic:  8/8        EV:  9    Int: 12 (13) God:    Yredelemnul [......]
Gold:   208        SH:  5    Dex:  9 (10) Spells: 6/9 levels left

rFire   . .          .
                       - Unarmed
rCold   . . .        (no shield)
rNeg    . . .        a - +0 robe
rPois   .            (helmet restricted)
rElec   .            z - +0 cloak
rCorr   .            (gloves unavailable)
SInv    .            (boots unavailable)
Will    .....        v - amulet of reflection
Stlth   +            p - +6 ring of strength
HPRegen 1.11/turn    (no ring)
MPRegen 0.11/turn

%: reflection
@: no status effects
A: large, unfitting armour, claws 3, regeneration 1, shaggy fur 1, tough skin 1
a: Renounce Religion, Recall Undead Harvest


You were on level 6 of the Dungeon.
You worshipped Yredelemnul.
Yredelemnul was noncommittal.
You visited 1 branch of the dungeon, and saw 6 of its levels.

You collected 208 gold pieces.

Inventory:

Missiles
 m - a large rock (quivered)
Armour
 a - a +0 robe (worn)
 z - a +0 cloak (worn)
Jewellery
 f - an amulet of magic regeneration
 p - a +6 ring of strength (left claw)
 v - an amulet of reflection (around neck)
Wands
 w - a wand of roots (5)
Scrolls
 c - 2 scrolls of enchant armour
 d - a scroll of amnesia {unknown}
 h - a scroll of fear {unknown}
 k - 5 scrolls of identify
 l - a scroll of noise {unknown}
 n - 2 scrolls of immolation {unknown}
 s - 2 scrolls of teleportation {unknown}
 u - a scroll of brand weapon {unknown}
 x - a scroll of blinking {unknown}
 y - a scroll of fog {unknown}
Potions
 b - 2 potions of magic
 e - a potion of brilliance {unknown}
 i - a potion of might {unknown}
 o - a potion of degeneration
 q - a potion of attraction {unknown}
 r - a potion of invisibility {unknown}
 t - a potion of haste {unknown}


   Skills:
 - Level 1.5 Dodging
 - Level 1.0 Stealth
 + Level 9.3 Unarmed Combat
 - Level 1.2 Spellcasting
 - Level 0.6 Conjurations
 - Level 2.1 Fire Magic


You had 6 spell levels left.
You knew the following spells:

 Your Spells              Type           Power      Damage    Failure   Level
a - Foxfire               Conj/Fire      16%        2x1d4     17%         1
b - Scorch                Fire           12%        2d6       19%         2

Your spell library contained the following spells:

 Spells                   Type           Power      Damage    Failure   Level
 Slow                     Hex            0%         N/A       30%         1
 Sublimation of Blood     Necr           0%         N/A       41%         2
 Wereblood                Tmut           0%         N/A       41%         2
 Inner Flame              Hex/Fire       3%         N/A       50%         3
 Volatile Blastmotes      Fire/Tloc      6%         2d10      50%         3
 Summon Guardian Golem    Hex/Summ       0%         N/A       65%         3
 Flame Wave               Conj/Fire      4%         2d5       86%         4
 Fulminant Prism          Conj/Hex       0%         3d5       95%         4
 Statue Form              Tmut/Erth      0%         N/A       100%        6
 Summon Hydra             Summ           0%         N/A       100%        7


Dungeon Overview and Level Annotations

Branches:
Dungeon (6/15)
 Temple: D:4-7

Altars:
Ashenzari
Gozag
Nemelex Xobeh
Uskayaw
Yredelemnul

Shops:
D:1 =


Innate Abilities, Weirdness & Mutations

You are too large for most types of armour.
You have claws for hands.
Your natural rate of healing is unusually fast.
You are covered in fur. (AC +1)
You have tough skin. (AC +1)


Message History

* * * LOW HITPOINT WARNING * * *
The vampire draws strength from your injuries!
The vampire closely misses you. The vampire bites you.
* * * LOW HITPOINT WARNING * * *
The vampire draws strength from your injuries!
You feel better.
The vampire casts a spell.
The vampire flickers and vanishes!
Deactivating autopickup; reactivate with Ctrl-A.
Something hits you.
* * * LOW HITPOINT WARNING * * *
Something bites you.
* * * LOW HITPOINT WARNING * * *
Something draws strength from your injuries!
It was a potion of heal wounds.
You feel much better. Something hits you!
Something bites you but does no damage. Something hits you but does no damage.
Something bites you.
Something draws strength from your injuries!
As you read the scroll labelled TUUSEU TIJUTSY, it crumbles to dust.
It is a scroll of identify.
c - 2 scrolls of enchant armour Something hits you but does no damage.
Something bites you but does no damage.
You miss something. Something hits you! Something bites you.
Something draws strength from your injuries!
You closely miss something. Something hits you. Something bites you.
Something draws strength from your injuries!
You feel much better. Something hits you. Something bites you!
Something draws strength from your injuries!
You claw something! Something hits you! Something bites you!
* * * LOW HITPOINT WARNING * * *
Something draws strength from your injuries!
Something hits you!
* * * LOW HITPOINT WARNING * * *
You block something's attack.
It was a potion of degeneration.
There was something very wrong with that liquid.
You feel weakened.
You feel dopey.
You feel clumsy. Something hits you!
You die...
Your body rises from the dead as a mindless zombie.

#.#### ##.... ##
###.##.## ##.....
....###.......####......
.................'......
######.#.#...####......
#.#....## ##.....
#.###..# ##.... #.# #..#
##... #@###..# ##'#
#(.....# #.# #####.##
#.# #.# ##.# #.######
##... #...[..# #....
######.# ##(.. ##.. #...


There were no monsters in sight!

Vanquished Creatures
  Eustachio (D:4)
  An ice beast (D:6)
  2 kobold brigands
  2 scorpions
  A howler monkey (D:5)
  Crazy Yiuf (D:5)
  3 jellies
  4 orc priests
  A hound (D:5)
  An iguana (D:4)
  An orc wizard (D:5)
  6 adders
  A white imp (D:5)
  3 worms
  2 dart slugs (D:4)
  14 orcs
  7 bats
  9 endoplasms
  3 giant cockroaches
  8 goblins
  9 hobgoblins
  6 jackals (D:4)
  12 kobolds
  3 quokkas
  3 ball pythons
  A frilled lizard (D:2)
  2 rats (D:1)
107 creatures vanquished.

Vanquished Creatures (collateral kills)
  An ufetubus (D:4)
  4 orcs
  A bat (D:2)
  An endoplasm (D:4)
  A goblin (D:2)
  A kobold (D:6)
  A rat (D:3)
10 creatures vanquished.

Vanquished Creatures (others)
  An adder zombie (D:6)
  2 jelly zombies (D:4)
  A bat zombie (D:2)
  An endoplasm zombie (D:4)
  A giant cockroach zombie (D:4)
  A goblin zombie (D:4)
  3 jackal zombies (D:4)
  4 kobold zombies
  3 orc zombies (D:4)
17 creatures vanquished.

Grand Total: 134 creatures vanquished

Notes
Turn   | Place    | Note
-------+----------+-------------------------------------------
     0 | D:1      | tsouns the Troll Fire Elementalist began the quest for the
                  | Orb.
     0 | D:1      | Reached XP level 1. HP: 16/16 MP: 1/1
    42 | D:1      | Reached skill level 1 in Unarmed Combat
    95 | D:1      | Found a faded altar of an unknown god.
   109 | D:1      | Prayed at the altar of an unknown god.
   109 | D:1      | Became a worshipper of Yredelemnul the Dark
   109 | D:1      | Reached * piety under Yredelemnul
   127 | D:1      | Reached XP level 2. HP: 24/24 MP: 2/2
   203 | D:1      | Got the Volume of Cursed Geology
   264 | D:1      | Found Xaorris's Jewellery Emporium.
   472 | D:1      | Reached skill level 2 in Unarmed Combat
   481 | D:1      | Learned a level 2 spell: Scorch
  1154 | D:2      | Reached XP level 3. HP: 29/31 MP: 3/3
  1252 | D:2      | Reached skill level 3 in Unarmed Combat
  1549 | D:2      | Reached XP level 4. HP: 39/39 MP: 4/4
  1824 | D:3      | Reached skill level 4 in Unarmed Combat
  2146 | D:4      | Reached XP level 5. HP: 44/45 MP: 5/5
  2368 | D:4      | Reached skill level 5 in Unarmed Combat
  2403 | D:4      | Found a hide-covered altar of Uskayaw.
  2404 | D:4      | Found a broken altar of Ashenzari.
  2448 | D:4      | Reached ** piety under Yredelemnul
  2453 | D:4      | Identified the +1 falchion "Hoiral" {vamp, rPois rC+}
  2470 | D:4      | Reached skill level 6 in Unarmed Combat
  2470 | D:4      | Reached XP level 6. HP: 33/53 MP: 6/6
  2705 | D:4      | Noticed Eustachio
  2749 | D:4      | Killed Eustachio
  2750 | D:4      | Reached skill level 7 in Unarmed Combat
  2776 | D:4      | Reached XP level 7. HP: 50/59 MP: 7/7
  3047 | D:5      | Entered Level 5 of the Dungeon
  3061 | D:5      | Reached skill level 8 in Unarmed Combat
  3212 | D:5      | Identified the +1 buckler of Coxaemo {rF+}
  3391 | D:5      | Found an opulent altar of Gozag.
  3391 | D:5      | Found a sparkling altar of Nemelex Xobeh.
  3487 | D:5      | Found a runed translucent door.
  3488 | D:5      | Noticed Crazy Yiuf
  3494 | D:5      | Killed Crazy Yiuf
  3586 | D:6      | Reached skill level 9 in Unarmed Combat
  3586 | D:6      | Reached XP level 8. HP: 25/67 MP: 8/8
  3796 | D:6      | HP: 3/67 [something (8)]
  3797 | D:6      | Slain by a vampire

Illustrated notes

Levels and vault maps discovered:
D:1:      amcnicky_arrival_choice, layout_rooms, serial_shops,
          nicolae_shop_trees, shapermc_ecumenical_altar_mp_highgroup,
          st_stairs_12, minmay_liquid_box, minivault_24
D:2:      minmay_diamond_boxcup, layout_basic, nicolae_hexahallways, minmay_puff
D:3:      layout_basic
D:4:      layout_loops_corners, gammafunk_temple_overflow_statue,
          cheibrodos_sewer_entry_bend, uniq_eustachio
D:5:      layout_rooms, grunt_temple_overflow_opulence, uniq_crazy_yiuf_cottage
D:6:      layout_loops_corners, minmay_temple_entry_hall, nzn_random_ring,
          uniq_blork_the_orc

Skill      XL: |  1  2  3  4  5  6  7 |
---------------+----------------------+-----
Unarmed Combat | 1 2 3 4 6 7 9 |  9.3
Dodging        | |  1.5
Stealth        | |  1.0
Spellcasting   | |  1.2
Conjurations   | |  0.6
Fire Magic     | |  2.1

Action                     |  1- 3 |  4- 6 |  7- 9 || total
---------------------------+-------+-------+-------++-------
  Melee: Unarmed           |    93 |   129 |    93 ||   315
         Punch             |       |     2 |     1 ||     3
  Throw: Large rock        |       |     3 |     1 ||     4
 Invoke: Recall Undead Har |       |     1 |     1 ||     2
  Evoke: Wand              |       |       |     4 ||     4
    Use: Potion            |       |       |     6 ||     6
         Scroll            |       |       |     1 ||     1
   Stab: Sleeping          |     6 |       |     2 ||     8
 Armour: Robe              |    30 |    39 |    19 ||    88
  Dodge: Dodged            |    29 |    60 |    18 ||   107
  Block: Other             |       |    13 |    16 ||    29
         Reflection        |       |     1 |     3 ||     4

Table legend: (Time is in decaauts)
 A = Elapsed time spent in this place.
 B = Non-inter-level travel time spent in this place.
 C = Inter-level travel time spent in this place.
 D = Time resting spent in this place.
 E = Time spent auto-exploring this place.
 F = Levels seen in this place.
 G = Mean time per level.
                   A        B        C        D        E       F      G
               +--------+--------+--------+--------+--------+-----+--------+
         Total |   3769 |   3619 |    150 |      0 |   2687 |   6 |  628.2 |
       Dungeon |   3769 |   3619 |    150 |      0 |   2687 |   6 |  628.2 |
               +--------+--------+--------+--------+--------+-----+--------+

Top non-repeatable levels by time:
     D:2: 1046 daAuts
     D:4: 940 daAuts
     D:1: 599 daAuts
     D:5: 488 daAuts
     D:3: 444 daAuts
     D:6: 250 daAuts
